 Dungeon Crawl Stone Soup version 0.27.1-33-g824d729ab1 (webtiles) character file.

Game seed: 10862751065041984154

127 belegose the Sneak (level 5, -3/40 HPs)
             Began as a Djinni Brigand on Dec 5, 2021.
             Slain by an orc (4 damage)
             ... on level 3 of the Dungeon.
             The game lasted 00:06:43 (3368 turns).

belegose the Sneak (Djinni Brigand)                 Turns: 3368, Time: 00:06:44

Health: -3/40      AC:  3    Str: 17    XL:     5   Next: 33%
Gold:   115        EV: 12    Int: 13    God:
                   SH:  0    Dex: 14

rFire    + + .     SeeInvis .   b - +2 mace (vorpal)
rCold    x . .     Faith    .   (no shield)
rNeg     . . .     Spirit   .   j - +0 robe
rPois    ∞         Reflect  .   (no helmet)
rElec    .         Harm     .   c - +0 cloak
rCorr    .         Rampage  .   (no gloves)
Will     .....                  (boots unavailable)
Stlth    +++.......             (no amulet)
HPRegen  0.13/turn              k - +6 ring of strength
MPRegen  0.00/turn              (no ring)

@: flying
A: sickness immunity, fire resistance 2, cold vulnerability 1, float, innate
caster, hp casting, extra vitality 1
a: no special abilities


You were on level 3 of the Dungeon.
You visited 1 branch of the dungeon, and saw 3 of its levels.

You collected 115 gold pieces.

Inventory:

Hand Weapons
 a - a +2 dagger
 b - a +2 vorpal mace (weapon)
Missiles
 d - 37 poisoned darts (quivered)
 e - 2 curare-tipped darts
 f - 158 stones
Armour
 c - a +0 cloak (worn)
 j - a +0 robe (worn)
Jewellery
 k - a +6 ring of strength (left hand)
Wands
 m - a wand of digging (6)
Scrolls
 g - a scroll of acquirement {unknown}
 h - a scroll of fog {unknown}
 i - 2 scrolls of teleportation {unknown}
 l - 2 scrolls of torment {unknown}


   Skills:
 + Level 3.0 Fighting
 - Level 1.7 Short Blades
 + Level 2.2 Throwing
 - Level 1.1 Dodging
 + Level 4.0 Stealth
 + Level 1.6 Spellcasting


You had 4 spell levels left.
You knew the following spells:

 Your Spells              Type           Power      Damage    Failure   Level
a - Foxfire               Conj/Fire      20%        2x1d5     14%         1
b - Static Discharge      Conj/Air       5%         N/A       21%         2
Your spell library was empty.

Dungeon Overview and Level Annotations

Branches:
Dungeon (3/15)

Altars:
Zin

Shops:
D:1 *


Innate Abilities, Weirdness & Mutations

You are immune to sickness and miasma.
You are immune to poison.
Your flesh is very heat resistant. (rF++)
You are vulnerable to cold. (rC-)
You float through the air rather than walking.
You learn spells naturally, not from books.
Your magical power is your life essence.
You have superior vitality. (+4 HP)


Message History

The frilled lizard barely misses you.
You barely miss the frilled lizard. The frilled lizard closely misses you.
You closely miss the frilled lizard. The frilled lizard barely misses you.
You sock the frilled lizard!
You kill the frilled lizard!
You see here a frilled lizard corpse.
The orc wizard casts a spell.
The orc wizard flickers and vanishes!
Deactivating autopickup; reactivate with Ctrl-A.
A magic dart appears from out of thin air!
The magic dart hits you! Something hits you but does no damage.
You miss something. Something hits you. Something hits you but does no damage.
You closely miss something. Something hits you.
You miss something. Something hits you.
You closely miss something.
You hear some strange, mumbled words.
A magic dart appears from out of thin air!
The magic dart hits you! Something hits you but does no damage.
You miss something. Something hits you.
You hit something but do no damage. Something hits you.
You hear some strange, mumbled words.
Something tries to affect you, but you resist.
You hit something. Something hits you but does no damage.
You thump something!
Reactivating autopickup.
You feel a bit more experienced.
Your Fighting skill increases to level 3!
Your Stealth skill increases to level 4!
You closely miss the orc. The orc hits you with a +0 hand axe.
The orc barely misses you.
You completely miss the orc. The orc hits you with a +0 hand axe.
* * * LOW HITPOINT WARNING * * *
You closely miss the orc. The orc barely misses you.
You barely miss the orc. The orc hits you with a +0 hand axe.
* * * LOW HITPOINT WARNING * * *
The orc hits you with a +0 hand axe.
* * * LOW HITPOINT WARNING * * *
You hit the orc but do no damage. The orc hits you with a +0 hand axe.
You die...

####.####^#.#
####..####.###
####..###.#.#
#.......#
#...!.o##.#.#
##.######
....≈≈......# #.#
...≈≈..##o### #.#
#.≈≈...##.# #.#
...o≈..##.# #.#
..≈≈...##.##########.#
#......##......o@....#
######################
#


You could see an orc.

Vanquished Creatures
  An orc wizard (D:3)
  2 adders (D:2)
  3 worms
  3 dart slugs
  6 orcs (D:3)
  3 bats
  3 endoplasms
  11 giant cockroaches
  6 goblins
  4 hobgoblins
  5 jackals (D:1)
  3 quokkas (D:2)
  A ball python (D:1)
  5 frilled lizards
  2 kobolds
  3 rats
61 creatures vanquished.

Vanquished Creatures (others)
  10 foxfires (D:2)
  A plant (D:3)
  A withered plant (D:3)
12 creatures vanquished.

Grand Total: 73 creatures vanquished

Notes
Turn   | Place    | Note
-------+----------+-------------------------------------------
     0 | D:1      | belegose the Djinni Brigand began the quest for the Orb.
     0 | D:1      | Reached XP level 1. HP: 18/18 MP: 0/0
    19 | D:1      | Found Axocvead's General Store.
   108 | D:1      | Reached XP level 2. HP: 22/23 MP: 0/0
   628 | D:2      | Reached XP level 3. HP: 28/29 MP: 0/0
   628 | D:2      | Learned a level 1 spell: Foxfire
   742 | D:2      | Reached skill level 1 in Spellcasting
   812 | D:2      | Reached XP level 4. HP: 31/34 MP: 0/0
  2087 | D:3      | Noticed an orc warrior
  2395 | D:3      | Found a glowing silver altar of Zin.
  2677 | D:3      | Reached XP level 5. HP: 40/40 MP: 0/0
  2677 | D:3      | Learned a level 2 spell: Static Discharge
  3364 | D:3      | Reached skill level 4 in Stealth
  3367 | D:3      | HP: 1/40 [orc (4)]
  3368 | D:3      | Slain by an orc

Illustrated notes

Levels and vault maps discovered:
D:1:      dpeg_arrival_simpleton_a, layout_rooms, serial_shops,
          nicolae_shop_crystal
D:2:      minmay_roachtagon, layout_basic, minmay_tromino_i4
D:3:      layout_loops_ring, old_standard_altar,
          shapermc_ecumenical_altar_flowoftime, dk_vineyard_3,
          minmay_misc_feat_x

Skill      XL: |  1  2  3  4  5 |
---------------+----------------+-----
Spellcasting   | 1 |  1.6
Throwing       | 2 |  2.2
Fighting       | 3 |  3.0
Stealth        | 4 |  4.0
Short Blades   | |  1.7
Dodging        | |  1.1

Action                   |  1- 3 |  4- 6 || total
-------------------------+-------+-------++-------
Melee: Dagger            |   122 |    68 ||   190
       Mace              |       |    40 ||    40
 Cast: Foxfire           |       |     5 ||     5
 Stab: Distracted        |     1 |       ||     1
       Sleeping          |     2 |     7 ||     9
Armor: Robe              |    43 |    20 ||    63
Dodge: Dodged            |    69 |    42 ||   111
